 Dungeon Crawl Stone Soup version 0.23.1 (webtiles) character file.

Game seed: 6210799686854226687

123 Borgoz the Skirmisher (level 5, -1/46 HPs)
             Began as a Ghoul Monk on Mar 7, 2019.
             Killed from afar by an orc wizard (7 damage)
             ... with a magic dart
             ... on level 3 of the Dungeon.
             The game lasted 00:02:33 (2329 turns).

Borgoz the Skirmisher (Ghoul Monk)                  Turns: 2329, Time: 00:02:34

Health: -1/46      AC:  3    Str: 15    XL:     5   Next: 7%
Magic:  4/4        EV: 13    Int:  6    God:
Gold:   50         SH:  0    Dex: 11    Spells: 4/4 levels left

rFire    . . .     SeeInvis .     - Unarmed
rCold    + . .     Gourm    .   (no shield)
rNeg     + + +     Faith    .   a - +0 robe
rPois    ∞         Spirit   .   (no helmet)
rElec    .         Reflect  .   (no cloak)
rCorr    .         Harm     .   (no gloves)
MR       .....                  l - +0 pair of boots
Stlth    +.........             (no amulet)
HPRegen  0.00/turn              (no ring)
MPRegen  0.09/turn              (no ring)

@: confused, rotting
A: rotting body, claws 1, carnivore, cold resistance 1, negative energy
resistance 3, inhibited regeneration, torment resistance, unbreathing
a: no special abilities


You were on level 3 of the Dungeon.
You were not hungry.

You visited 1 branch of the dungeon, and saw 3 of its levels.

You collected 50 gold pieces.

Inventory:

Armour
 a - a +0 robe (worn)
 l - a +0 pair of boots (worn)
Scrolls
 d - a scroll of remove curse
 f - 2 scrolls of teleportation {unknown}
 g - 2 scrolls of identify {unknown}
Potions
 h - a potion of curing {unknown}
 i - a potion of haste
 j - a potion of experience {unknown}
 k - a potion of flight {unknown}
Comestibles
 b - 3 rations
 c - 5 chunks of flesh


   Skills:
 + Level 4.2 Fighting
 + Level 1.7 Armour
 + Level 3.4 Dodging
 - Level 2.1 Stealth
 + Level 4.2 Unarmed Combat


You had 4 spell levels left.
You didn't know any spells.
Your spell library was empty.

Dungeon Overview and Level Annotations

Branches:
Dungeon (3/15)

Altars:
Zin
The Shining One


Innate Abilities, Weirdness & Mutations

Your body is rotting away.
You thrive on raw meat.
You are immune to poison.
You have sharp fingernails.
You are carnivorous and can eat meat at any time.
Your flesh is cold resistant. (rC+)
You are immune to negative energy. (rN+++)
You do not regenerate when monsters are visible.
You are immune to unholy pain and torment.
You can survive without breathing.


Message History

The orc is heavily wounded.
The orc barely misses you.
The orc wizard hits you with a +2 dagger of venom.
The orc hits you from afar with a +0 trident.
The orc hits you but does no damage.
You closely miss the orc.
The orc is heavily wounded.
The orc hits you with a +0 club.
The orc wizard gestures at you while chanting.
The puff of flame hits you!
* * * LOW HITPOINT WARNING * * *
The orc misses you. The orc barely misses you.
The orc hits you with a cursed -1 flail.
* * * LOW HITPOINT WARNING * * *
It was a potion of lignification.
You feel woody for a moment. The orc hits you with a +0 club.
* * * LOW HITPOINT WARNING * * *
The orc wizard points at you and mumbles some strange words.
The magic dart hits you!
You die...

... .#.#
#..###..###
#......... #
..#.....# ##. ##
.......# #.##
#...#o....##.#
#..#
#...ooo)##.#
#)#.# #@# #.#
#<#.#
#.####o####.#
#.#^#
....o(....##.#
#<#)#
##.####.#.##.#
#.#.# #.#.##.#
#.#.#
#.#.##.#####.#.#
#.#............#
#.####.......###
#.# #########


You could see an orc wizard and 4 orcs.

Vanquished Creatures
  6 gnolls (D:2)
  2 adders
  A dart slug (D:3)
  A leopard gecko (D:1)
  A ball python (D:2)
  2 giant cockroaches (D:1)
  5 goblins
  6 hobgoblins
  6 kobolds
  2 quokkas (D:2)
  5 bats
  2 frilled lizards
  6 rats
45 creatures vanquished.

Notes
Turn   | Place    | Note
-------+----------+-------------------------------------------
     0 | D:1      | Borgoz the Ghoul Monk began the quest for the Orb.
     0 | D:1      | Reached XP level 1. HP: 19/19 MP: 0/0
   410 | D:1      | Reached XP level 2. HP: 12/26 MP: 1/1
  1098 | D:2      | Reached XP level 3. HP: 32/32 MP: 2/2
  1171 | D:2      | Reached skill level 1 in Armour
  1440 | D:2      | Reached XP level 4. HP: 25/37 MP: 3/3
  1785 | D:2      | Found a glowing silver altar of Zin.
  2179 | D:2      | Found a glowing golden altar of the Shining One.
  2267 | D:3      | Reached XP level 5. HP: 42/46 MP: 4/4
  2329 | D:3      | Killed from afar by an orc wizard

Skill      XL: |  1  2  3  4 |
---------------+-------------+-----
Dodging        | 3 |  3.4
Armour         | 1 |  1.7
Fighting       | 4 |  4.2
Unarmed Combat | 4 |  4.2
Stealth        | |  2.1

Action                   |  1- 3 |  4- 6 || total
-------------------------+-------+-------++-------
Melee: Unarmed           |    88 |    78 ||   166
       Punch             |     2 |     1 ||     3
  Use: Potion            |       |     2 ||     2
       Scroll            |       |     1 ||     1
 Stab: Sleeping          |     3 |     2 ||     5
  Eat: Chunk             |    10 |    10 ||    20
Armor: Robe              |    19 |     5 ||    24
Dodge: Dodged            |    59 |    58 ||   117
